 Dungeon Crawl Stone Soup version 0.27-a0-416-gca2cecf3c0 (webtiles) character file.

Game seed: 11014710786881608277

56 sahdkjhfkaj the Magician (level 3, 0/16 HPs)
             Began as a Spriggan Venom Mage on Feb 24, 2021.
             Slain by a hobgoblin (4 damage)
             ... led by Robin
             ... on level 2 of the Dungeon.
             The game lasted 00:02:31 (1883 turns).

sahdkjhfkaj the Magician (Spriggan Venom Mage)      Turns: 1883, Time: 00:02:31

Health: 0/16       AC:  3    Str:  4    XL:     3   Next: 71%
Magic:  10/10      EV: 17    Int: 17    God:
Gold:   44         SH:  0    Dex: 15    Spells: 8/11 levels left

rFire    . . .     SeeInvis +   (weapon restricted)
rCold    . . .     Faith    .   (shield restricted)
rNeg     . . .     Spirit   .   a - +0 robe
rPois    .         Reflect  .   (helmet restricted)
rElec    .         Harm     .   d - +0 cloak
rCorr    .         Rampage  .   (gloves unavailable)
Will     .....                  (boots unavailable)
Stlth    ++........             (no amulet)
HPRegen  0.05/turn              (no ring)
MPRegen  0.12/turn              (no ring)

@: very quick
A: very small, unfitting armour, see invisible, speed 3
a: no special abilities


You were on level 2 of the Dungeon.
You visited 1 branch of the dungeon, and saw 2 of its levels.

You collected 44 gold pieces.

Inventory:

Armour
 a - a +0 robe (worn)
 d - a +0 cloak (worn)
Jewellery
 h - a ring of magical power
Scrolls
 c - a scroll of identify {!r, unknown}
 i - a scroll of immolation {!r, unknown}
Potions
 b - a potion of magic {!q, unknown}
 e - a potion of attraction {!q, unknown}
 f - a potion of heal wounds {!q, unknown}
 g - a potion of haste {!q, unknown}


   Skills:
 - Level 2.6 Dodging
 - Level 3.0 Stealth
 + Level 4.8 Spellcasting
 - Level 1.3 Transmutations
 - Level 1.0 Air Magic
 - Level 3.0 Poison Magic


You had 8 spell levels left.
You knew the following spells:

 Your Spells              Type           Power        Failure   Level
a - Sting                 Tmut/Pois      44%          6%          1
b - Poisonous Vapours     Pois/Air       20%          10%         2

Your spell library contained the following spells:

 Spells                   Type           Power        Failure   Level
 Ignite Poison            Fire/Tmut/Pois 9%           24%         3
 Mephitic Cloud           Conj/Pois/Air  8%           26%         3
 Olgreb's Toxic Radiance  Pois           14%          38%         4


Dungeon Overview and Level Annotations

Branches:
Dungeon (2/15)

Altars:

Annotations:
D:2 Robin


Innate Abilities, Weirdness & Mutations

You are very small and have problems with some larger weapons.
You are too small for most types of armour.
You have supernaturally acute eyesight. (SInv)
You cover ground extremely quickly.


Message History

Casting: Sting (safe; 6% risk of failure)
Confirm with . or Enter, or press ? or * to list all spells.
Aiming: Sting (safe; 6% risk of failure)
Press: ? - help, Shift-Dir - straight line, f - goblin
Aim: a goblin (strong, 36% to evade)
The sting hits the goblin.
The goblin is poisoned.
You kill the goblin!
Casting: Sting (safe; 6% risk of failure)
Confirm with . or Enter, or press ? or * to list all spells.
You can't see any susceptible monsters within range! (Use Z to cast anyway.) Describe a (M)onster, (S)pell, s(K)ill, (A)bility, (C)ard, (I)tem, (F)eature, (G)od, (B)ranch, c(L)oud or s(T)atus?
Describe a monster; partial names and regexps are fine.
Enter a single letter to list monsters displayed by that symbol.
Describe what?
Okay, then.
Describe a (M)onster, (S)pell, s(K)ill, (A)bility, (C)ard, (I)tem, (F)eature, (G)od, (B)ranch, c(L)oud or s(T)atus?
Okay, then.
Unknown command.
Magic restored.
Key pressed, stopping explore.
HP restored.
Things that are here:
a +0 dagger; a +0 short sword Partly explored, can't reach some places.
Partly explored, can't reach some places.
Partly explored, can't reach some places.
Partly explored, can't reach some places.
Partly explored, can't reach some places.
There is a stone staircase leading down here.
You climb downwards.
Level annotation: Robin A hobgoblin comes into view.
The hobgoblin shouts!
The goblin hits you with a +0 club. The goblin closely misses you.
Robin roars a battlecry!
The goblins go into a battle-frenzy!
There is a stone staircase leading up here.
The goblin hits you with a +0 dagger!
Ouch! That really hurt!
* * * LOW HITPOINT WARNING * * *
The hobgoblin hits you.
You die...

. ...
#.$#########.#
##.....g@.....#
...$....gg.#.##
#........g##
#....g..gg.#
..........#.#
#.............
#......?..###.#
#.........# .#
#......>..#


You could see Robin, 2 hobgoblins and 4 goblins.

Vanquished Creatures
  2 oozes (D:1)
  2 dart slugs (D:1)
  3 leopard geckos (D:1)
  A ball python (D:1)
  3 giant cockroaches (D:1)
  10 goblins (D:1)
  6 hobgoblins
  4 bats (D:1)
  A frilled lizard (D:1)
  3 kobolds (D:1)
  A rat (D:1)
36 creatures vanquished.

Notes
Turn   | Place    | Note
-------+----------+-------------------------------------------
     0 | D:1      | sahdkjhfkaj the Spriggan Venom Mage began the quest for the
                  | Orb.
     0 | D:1      | Reached XP level 1. HP: 9/9 MP: 5/5
    94 | D:1      | Reached skill level 3 in Spellcasting
   157 | D:1      | Reached XP level 2. HP: 13/13 MP: 1/7
   168 | D:1      | Learned a level 2 spell: Poisonous Vapours
   418 | D:1      | Reached skill level 4 in Spellcasting
   723 | D:1      | Reached skill level 1 in Air Magic
   835 | D:1      | Reached XP level 3. HP: 16/16 MP: 5/9
  1512 | D:2      | Noticed Robin
  1883 | D:2      | Slain by a hobgoblin

Illustrated notes

Levels and vault maps discovered:
D:1:      dpeg_arrival_stone_temple_mockup, layout_loops_corners, serial_forest,
          infiniplex_forest_lined_corner, infiniplex_forest_end_1,
          infiniplex_forest_clump_small, infiniplex_forest_clump_tiny,
          infiniplex_forest_pool, infiniplex_forest_clump_cross
D:2:      layout_loops_cross, uniq_terence, uniq_robin

Skill      XL: |  1  2 |
---------------+-------+-----
Spellcasting   | 3 4 |  4.8
Air Magic      | 1 |  1.0
Dodging        | |  2.6
Stealth        | |  3.0
Transmutations | |  1.3
Poison Magic   | |  3.0

Action                   || total
-------------------------++-------
Melee: Unarmed           ||     1
 Cast: Sting             ||    59
       Poisonous Vapours ||     2
Armor: Robe              ||     4
Dodge: Dodged            ||    25

Table legend: (Time is in decaauts)
 A = Elapsed time spent in this place.
 B = Non-inter-level travel time spent in this place.
 C = Inter-level travel time spent in this place.
 D = Time resting spent in this place.
 E = Time spent auto-exploring this place.
 F = Levels seen in this place.
 G = Mean time per level.
                   A        B        C        D        E       F      G
               +--------+--------+--------+--------+--------+-----+--------+
         Total |   1492 |   1481 |     11 |     33 |   1247 |   2 |  746.0 |
       Dungeon |   1492 |   1481 |     11 |     33 |   1247 |   2 |  746.0 |
               +--------+--------+--------+--------+--------+-----+--------+

Top non-repeatable levels by time:
     D:1: 1478 daAuts
     D:2: 13 daAuts
